 Dungeon Crawl Stone Soup version 0.14.2 (webtiles) character file.

1661 peterlawrence the Basher (level 8, 0/66 HPs)
             Began as a Minotaur Fighter on Oct 7, 2023.
             Was a Follower of Okawaru.
             Slain by a giant goldfish (5 damage)
             ... on Level 6 of the Dungeon on Oct 8, 2023.
             The game lasted 00:10:47 (5306 turns).

peterlawrence the Basher (Minotaur Fighter)         Turns: 5306, Time: 00:10:47

HP   0/66        AC 14     Str 21      XL: 8   Next: 31%
MP   6/8         EV  6     Int  5      God: Okawaru [*.....]
Gold 358         SH 24     Dex 12      Spells:  0 memorised,  7 levels left

rFire  . . .     SeeInvis .     u - +2,+1 flail (holy)
rCold  . . .     Clarity  .     w - +2 chain mail
rNeg   + . .     Conserve .     c - +1 shield
rPois  .         rCorr    .     (helmet restricted)
rElec  .         rRot     .     (no cloak)
SustAb . .       Spirit   .     i - +0 pair of gloves
rMut   .         Warding  +     (no boots)
Saprov . . .     Stasis   .     s - amulet of warding
MR     .....                    (no ring)
                                p - ring of flight

@: lethally poisoned, slowed, heroism, very slow, not resistant to hostile
enchantments, extremely unstealthy
A: retaliatory headbutt, horns 2
a: Heroism, Renounce Religion, Evoke Flight


You were on level 6 of the Dungeon.
You worshipped Okawaru.
Okawaru was aware of your devotion.
You were hungry.

You visited 2 branches of the dungeon, and saw 7 of its levels.

You collected 358 gold pieces.

Inventory:

Hand weapons
 e - a +1,+3 whip of holy wrath
 u - a +2,+1 flail of holy wrath (weapon)
Armour
 c - a +1 shield (worn)
 i - a +0 pair of gloves (worn)
 w - a +2 chain mail (worn)
Magical devices
 k - a wand of frost (3)
 q - a wand of draining (6)
 r - a wand of disintegration (14)
Comestibles
 d - 6 bread rations
 j - a chunk of hobgoblin flesh
 t - 2 meat rations
 v - 4 apples
 z - 4 rotting chunks of orc flesh
Scrolls
 b - a scroll of magic mapping
 f - a scroll of remove curse
 l - a scroll of enchant armour
 o - 3 scrolls of teleportation
Jewellery
 g - an uncursed amulet of conservation {unknown}
 p - a ring of flight (left hand)
 s - an amulet of warding (around neck)
 x - an uncursed ring of protection from cold {unknown}
Potions
 a - a potion of restore abilities
 h - 2 potions of heal wounds
 m - 5 potions of curing


   Skills:
 - Level 4.3(9.3) Fighting
 + Level 11.0(16.0) Maces & Flails
 - Level 3.7(8.7) Armour
 - Level 3.7(8.7) Shields
 - Level 3.3 Invocations


You had 7 spell levels left.
You didn't know any spells.

Dungeon Overview and Level Annotations

Branches:
Dungeon (6/15)             Temple (1/1) D:4

Altars:
Cheibriados
Dithmenos
Elyvilon
Kikubaaqudgha
Nemelex Xobeh
Okawaru
Trog
Vehumet
Xom
Yredelemnul
Zin


Innate Abilities, Weirdness & Mutations

You reflexively headbutt those who attack you in melee.
You have a pair of horns on your head.


Message History

Use which ability? (? or * to list)
You gain the combat prowess of a mighty hero.
You feel slightly more hungry.
You feel sick. You block the orc wizard's attack.
The giant goldfish bites you but does no damage.
The orc priest utters an invocation to Beogh.
You feel a wave of unholy energy pass over you.
The orc warrior hits you with a trident!
* * * LOW HITPOINT WARNING * * *
The orc wizard hits you but does no damage.
The giant goldfish bites you but does no damage.
Unknown command.
The orc wizard unwields an uncursed dagger of venom.
It stops dripping with poison.
The orc wizard drops an uncursed dagger of venom.
The orc wizard picks up a flail.
The orc wizard wields a flail.
The orc warrior hits you from afar with a trident!
* * * LOW HITPOINT WARNING * * *
The giant goldfish bites you.
You die...

...............#. #......
)....#..####.#.#.
#########......
##'#.........#.#.
#.......'......
#.###.......#.#.##.#######......
#.# #..#≈≈≈≈≈≈≈≈≈#.# #...... #.#
#...≈##≈≈≈##≈#.############# #.#
#...≈#######≈........... #.#
#.##≈≈#..o#≈≈#.######### #.#
#.##≈≈#).oo@.#.# #.#
#.##≈≈#..o#;≈..# #.#
#.##≈#######≈### #.##≈# #≈# ..#
≈≈. ### #####


You could see a giant goldfish, an orc warrior, an orc priest, an orc wizard and
an orc.

Vanquished Creatures
  A phantom (D:4)
  An orc warrior (D:6)
  2 ogres
  A centaur (D:6)
  Blork the orc (D:4)
  A giant frog (D:4)
  A scorpion (D:5)
  A crimson imp (D:5)
  A hound (D:5)
  A gnoll shaman (D:4)
  An iguana (D:4)
  5 orc wizards
  6 worker ants
  8 adders
  7 gnolls
  A giant mite (D:4)
  2 shadow imps (D:5)
  An inept feature mimic (D:5)
  2 worms (D:4)
  An adder zombie (D:5)
  3 giant geckos
  20 orcs
  2 ball pythons (D:1)
  8 bats
  9 giant cockroaches
  12 hobgoblins
  7 jackals
  4 quokkas
  2 giant newts
  11 goblins
  A hobgoblin skeleton (D:5)
  10 kobolds
  10 rats
  A rat skeleton (D:4)
145 creatures vanquished.

Notes
Turn   | Place    | Note
--------------------------------------------------------------
     0 | D:1      | peterlawrence, the Minotaur Fighter, began the quest for the Orb.
     0 | D:1      | Reached XP level 1. HP: 19/19 MP: 1/1
   176 | D:1      | Reached XP level 2. HP: 22/27 MP: 1/1
   489 | D:1      | Reached XP level 3. HP: 17/33 MP: 2/2
   494 | D:1      | Reached skill level 4 in Maces & Flails
  1040 | D:2      | Found a snail-covered altar of Cheibriados.
  1217 | D:2      | Reached skill level 5 in Maces & Flails
  1217 | D:2      | Reached XP level 4. HP: 40/40 MP: 2/2
  1388 | D:2      | Found a bloodstained altar of Trog.
  2124 | D:3      | Reached XP level 5. HP: 46/46 MP: 2/2
  2565 | D:4      | Found a staircase to the Ecumenical Temple.
  2573 | D:4      | Reached skill level 6 in Maces & Flails
  2583 | Temple   | Entered the Ecumenical Temple
  2600 | Temple   | Became a worshipper of Warmaster Okawaru
  2629 | D:5      | Entered Level 5 of the Dungeon
  2700 | D:4      | Noticed Blork the orc
  2716 | D:4      | Killed Blork the orc
  2716 | D:4      | Reached skill level 7 in Maces & Flails
  2873 | D:4      | Reached XP level 6. HP: 50/52 MP: 3/3
  3009 | D:4      | Reached skill level 8 in Maces & Flails
  3313 | D:4      | Noticed an ogre
  3322 | D:4      | Killed an ogre
  3322 | D:4      | Acquired Okawaru's first power
  3322 | D:4      | Reached skill level 9 in Maces & Flails
  3322 | D:4      | Reached XP level 7. HP: 12/58 MP: 3/3
  3612 | D:4      | Noticed a phantom
  3640 | D:4      | Killed a phantom
  3970 | D:5      | Found a sparkling altar of Nemelex Xobeh.
  4464 | D:5      | Reached skill level 10 in Maces & Flails
  4554 | D:6      | Reached XP level 8. HP: 57/66 MP: 8/8
  4760 | D:6      | Found an ancient bone altar of Kikubaaqudgha.
  4892 | D:6      | Reached skill level 11 in Maces & Flails
  5306 | D:6      | Slain by a giant goldfish

Action                   |  1- 3 |  4- 6 |  7- 9 || total
-------------------------+-------+-------+-------++-------
Melee: Flail             |   101 |   170 |    92 ||   363
       Whip              |       |       |    91 ||    91
Invok: Heroism           |       |       |     3 ||     3
Evoke: Wand              |       |       |     4 ||     4
  Use: Potion            |     1 |     1 |       ||     2
       Scroll            |       |    13 |     6 ||    19
